AoeStats
← 沐灵葵

Arena

506073216Analyzed
4v4 RM · 19d ago on Sep 12, 2026· 43m 44s· 8 players
Game mode
Random Map
Map size
Large (8 player)
Population
200
Speed
Normal
Resources
Standard
Victory
Conquest
Starting age
Dark Age
Ending age
Imperial Age
RankedLock teamsTeams togetherTeam positionsShared explorationLock speedFull tech treeHidden civsTurbo modeCheats
Victory
Defeat
🇬🇧 Persians · United Kingdom
900
+15
🇳🇱 Saracens · Netherlands
883
+15
🇩🇪 Hindustanis · Germany
878
+15
🇩🇪 Celts · Germany
877
+16
🇩🇪 Magyars · Germany
982
-20
🇨🇿 Persians · Czechia
919
-17
🇩🇪 Dravidians · Germany
845
-14
🇨🇳 Byzantines · China
724
-10
vrienden0
0:28 Loom
10:32 Feudal Age
10:57 Horse Collar
11:05 Double-Bit Axe
13:45 Gold Mining
19:29 Castle Age
18:06 Forging
18:38 Fletching
19:24 Padded Archer Armor
19:54 Scale Barding Armor
20:20 Bow Saw
20:13 Heavy Plow
21:35 Iron Casting
22:25 Bodkin Arrow
23:36 Gold Shaft Mining
24:07 Stone Mining
26:00 Wheelbarrow
26:23 Chain Barding Armor
26:26 Town Watch
26:57 Caravan
27:44 Leather Archer Armor
27:57 Hand Cart
28:38 Scale Mail Armor
29:23 Town Patrol
34:04 Imperial Age
31:58 Ballistics
31:48 Masonry
32:25 Treadmill Crane
32:59 Fortified Wall
32:46 Murder Holes
32:54 Scale Mail Armor
35:48 Blast Furnace
34:48 Bracer
35:24 Plate Barding Armor
35:22 Ring Archer Armor
35:54 Chemistry
35:00 Siege Engineers
35:33 Hoardings
35:18 Conscription
36:12 Two-Man Saw
35:41 Elite Mameluke
38:57 Counterweights
39:09 Man-at-Arms
39:34 Gambesons
39:50 Squires
40:02 Arson
40:45 Husbandry
40:55 Bloodlines
40:22 Long Swordsman
43:44 Thumb Ring
42:59 Crossbowman
44:05 Parthian Tactics
43:06 Heavy Camel Rider
arminta1382
0:28 Loom
11:40 Feudal Age
11:55 Horse Collar
12:09 Double-Bit Axe
12:18 Stone Mining
12:29 Gold Mining
21:07 Castle Age
22:11 Bow Saw
22:03 Heavy Plow
22:42 Gold Shaft Mining
22:44 Stone Shaft Mining
25:50 Wheelbarrow
32:30 Hand Cart
35:26 Imperial Age
35:01 Caravan
36:47 Two-Man Saw
36:27 Crop Rotation
37:11 Chemistry
36:32 Ballistics
39:33 Elite Skirmisher
41:38 Pikeman
SuperWarrior684
7:36 Loom
7:54 Loom
11:00 Feudal Age
9:16 Loom
11:59 Feudal Age
10:36 Loom
16:36 Castle Age
14:29 Double-Bit Axe
14:55 Horse Collar
16:27 Stone Mining
16:47 Arson
17:49 Gambesons
19:14 Forging
21:43 Iron Casting
23:25 Scale Mail Armor
26:50 Chain Mail Armor
28:31 Bow Saw
31:42 Gold Mining
35:28 Stronghold
36:42 Gold Shaft Mining
39:19 Stone Shaft Mining
41:47 Wheelbarrow
45:47 Imperial Age
Jimmy Levy (GEO)
12:24 Feudal Age
16:11 Castle Age
14:39 Double-Bit Axe
15:14 Horse Collar
17:50 Bow Saw
22:02 Loom
24:35 Wheelbarrow
24:03 Heavy Plow
24:07 Town Watch
26:49 Gold Mining
31:46 Imperial Age
29:57 Hand Cart
30:04 Grand Trunk Road
31:25 Gold Shaft Mining
31:31 Padded Archer Armor
31:58 Ballistics
31:49 Fortified Wall
31:32 Fletching
31:43 Scale Mail Armor
31:53 Stone Mining
33:31 Two-Man Saw
33:21 Stone Shaft Mining
32:08 Pikeman
32:49 Squires
32:36 Arson
34:52 Chemistry
34:37 Conscription
35:54 Shatagni
36:30 Hoardings
36:13 Chain Mail Armor
37:43 Leather Archer Armor
37:23 Bodkin Arrow
37:38 Siege Engineers
37:44 Caravan
38:21 Forging
38:24 Masonry
39:06 Ring Archer Armor
38:26 Elite Skirmisher
39:09 Bracer
40:19 Coinage
41:35 Iron Casting
41:47 Scale Barding Armor
41:14 Man-at-Arms
44:07 Blast Furnace
沐灵葵
13:24 Feudal Age
14:54 Wheelbarrow
16:22 Horse Collar
16:32 Double-Bit Axe
16:43 Gold Mining
22:02 Castle Age
22:34 Stone Mining
23:22 Hand Cart
24:41 Heavy Plow
27:24 Bow Saw
30:38 Stone Shaft Mining
30:45 Gold Shaft Mining
31:10 Scale Barding Armor
31:16 Forging
35:38 Imperial Age
35:45 Imperial Age
38:57 Conscription
38:48 Logistica
37:59 Elite Cataphract
43:29 Chain Barding Armor
43:45 Iron Casting
43:35 Ballistics
44:16 Chemistry
43:12 Murder Holes
43:29 Fortified Wall
1318882408
0:28 Loom
11:23 Feudal Age
15:56 Castle Age
16:42 Double-Bit Axe
21:36 Horse Collar
26:28 Town Watch
27:19 Wheelbarrow
33:28 Imperial Age
30:58 Gold Mining
31:01 Stone Mining
31:35 Fletching
31:27 Pikeman
32:31 Hand Cart
32:56 Gold Shaft Mining
33:03 Corvinian Army
33:07 Bodkin Arrow
34:08 Halberdier
36:34 Conscription
36:25 Bracer
37:09 Parthian Tactics
37:18 Padded Archer Armor
37:45 Ballistics
38:26 Chemistry
38:40 Scale Barding Armor
39:03 Recurve Bow
40:43 Bloodlines
39:54 Light Cavalry
40:04 Heavy Cavalry Archer
41:03 Husbandry
41:35 Hussar
libor1234
11:46 Feudal Age
13:47 Double-Bit Axe
16:20 Castle Age
16:53 Horse Collar
17:29 Bow Saw
20:01 Fervor
21:07 Loom
24:56 Wheelbarrow
26:31 Bloodlines
27:05 Forging
27:20 Stone Mining
27:21 Gold Mining
28:03 Scale Barding Armor
29:47 Gold Shaft Mining
29:34 Hand Cart
32:29 Imperial Age
30:37 Iron Casting
30:54 Kamandaran
31:01 Thumb Ring
31:06 Husbandry
31:09 Padded Archer Armor
31:32 Heavy Plow
32:26 Leather Archer Armor
31:59 Town Watch
32:12 Cavalier
33:56 Chemistry
32:58 Crossbowman
34:59 Two-Man Saw
34:33 Crop Rotation
34:34 Conscription
36:15 Ring Archer Armor
36:06 Chain Barding Armor
35:59 Fletching
36:18 Light Cavalry
37:56 Murder Holes
38:54 Scale Mail Armor
39:30 Plate Barding Armor
38:50 Bodkin Arrow
39:56 Blast Furnace
40:06 Chain Mail Armor
39:55 Squires
39:16 Pikeman
40:19 Ballistics
40:30 Halberdier
42:03 Hoardings
41:39 Citadels
42:17 Stone Shaft Mining
vince
1:17 Loom
13:51 Feudal Age
18:15 Castle Age
17:39 Fletching
17:51 Gold Mining
17:57 Horse Collar
21:01 Double-Bit Axe
22:11 Heavy Plow
24:15 Bow Saw
24:01 Stone Mining
25:07 Town Watch
26:19 Bodkin Arrow
28:15 Coinage
Connection lost

Rejoining the realm…

Still unreachable

The connection could not be restored.

Session expired

The server has moved on; the page needs a fresh start.